 Dungeon Crawl Stone Soup version 0.21-a0-404-g291f19a (webtiles) character file.

183 wisey the Cudgeler (level 5, -4/47 HPs)
             Began as a Minotaur Berserker on Oct 29, 2017.
             Was a Believer of Trog.
             Killed from afar by an orc wizard (7 damage)
             ... with a magic dart
             ... on level 3 of the Dungeon.
             The game lasted 00:05:13 (1708 turns).

wisey the Cudgeler (Minotaur Berserker)             Turns: 1708, Time: 00:05:15

Health: -4/47      AC: 11    Str: 22    XL:     5   Next: 35%
Magic:  4/4        EV:  7    Int:  4    God:    Trog [**....]
Gold:   128        SH:  0    Dex: 10    Spells: 4/4 levels left

rFire    . . .     SeeInvis .   a - +0 mace
rCold    . . .     Gourm    .   (no shield)
rNeg     . . .     Faith    .   d - +0 plate armour
rPois    +         Spirit   .   (helmet restricted)
rElec    .         Reflect  .   (no cloak)
rCorr    .         Harm     .   (no gloves)
MR       ++...                  (no boots)
Stlth    ..........             (no amulet)
HPRegen  1.15/turn              k - ring of poison resistance
MPRegen  0.09/turn              (no ring)

@: regenerating, slowed, very slow
A: retaliatory headbutt, horns 2
a: Berserk, Trog's Hand, Burn Spellbooks, Renounce Religion


You were on level 3 of the Dungeon.
You worshipped Trog.
Trog was pleased with you.
You were not hungry.

You visited 1 branch of the dungeon, and saw 3 of its levels.

You collected 128 gold pieces.

Inventory:

Hand Weapons
 a - a +0 mace (weapon)
Armour
 b - a +0 animal skin
 d - a +0 plate armour (worn)
Jewellery
 k - a ring of poison resistance (left hand)
Wands
 y - a wand of iceblast (4/15)
Scrolls
 g - a scroll of enchant weapon {unknown}
 h - 4 scrolls of identify {unknown}
 n - a scroll of remove curse {unknown}
 s - 2 scrolls of teleportation {unknown}
 t - a scroll of recharging {unknown}
 u - a scroll of random uselessness {unknown}
 v - a scroll of fog {unknown}
 w - a scroll of blinking {unknown}
 A - a scroll of immolation {unknown}
Potions
 e - a potion of experience {unknown}
 f - a potion of heal wounds {unknown}
 i - a potion of mutation {unknown}
 j - a potion of resistance {unknown}
 l - a potion of degeneration {unknown}
 m - a potion of lignification {unknown}
 o - a potion of haste {unknown}
 r - a potion of magic {unknown}
 x - a potion of flight {unknown}
Comestibles
 c - 4 bread rations
 p - 2 royal jellies
 q - 2 meat rations


   Skills:
 + Level 4.8 Fighting
 + Level 5.8 Maces & Flails
 + Level 3.6 Armour
 + Level 2.5 Dodging


You had 4 spell levels left.
You didn't know any spells.

Dungeon Overview and Level Annotations

Branches:
Dungeon (3/15)

Altars:
Dithmenos
Fedhas
Sif Muna


Innate Abilities, Weirdness & Mutations

You reflexively headbutt those who attack you in melee.
You have a pair of horns on your head.


Message History

The orc wizard flickers and vanishes!
Deactivating autopickup; reactivate with Ctrl-A.
The orc wizard hits you with a dagger. The orc wizard hits you with a dagger.
The orc wizard hits you but does no damage.
The orc wizard hits you with a dagger.
* * * LOW HITPOINT WARNING * * *
The orc wizard casts a spell at you. The magic dart hits you!
* * * LOW HITPOINT WARNING * * *
The orc wizard gestures at you while chanting.
The magic dart hits you!
* * * LOW HITPOINT WARNING * * *
Your skin crawls.
You feel resistant to hostile enchantments.
You feel quite a bit more hungry.
The orc wizard hits you but does no damage.
A magic dart appears from out of thin air!
The magic dart hits you!
You die...

#o# #o###.........#
#o# #o##.........##
#.# #.....)......#
#.########..).....##
#..o.o....#...##.##
#########o##.## .#
#{##.# .#
########.##.#
.......@o...#
########.#### #.#
##########.######
#>................
#.###.############
#.# #.# #.#


You could see 2 orc wizards.

Vanquished Creatures
  The ghost of darxusza the Skirmisher, an amateur MiCK of Xom (D:3)
  2 adders (D:2)
  2 oozes
  3 leopard geckos
  3 orcs (D:3)
  4 bats
  3 giant cockroaches (D:2)
  4 goblins
  7 hobgoblins
  10 jackals
  5 kobolds
  10 frilled lizards
  13 rats
67 creatures vanquished.

Notes
Turn   | Place    | Note
-------+----------+-------------------------------------------
     0 | D:1      | wisey the Minotaur Berserker began the quest for the Orb.
     0 | D:1      | Reached XP level 1. HP: 19/19 MP: 0/0
    65 | D:1      | Reached XP level 2. HP: 23/27 MP: 1/1
    67 | D:1      | Reached skill level 4 in Maces & Flails
   293 | D:1      | Reached XP level 3. HP: 33/33 MP: 2/2
   296 | D:1      | Reached ** piety under Trog
   978 | D:2      | Found a blossoming altar of Fedhas.
   984 | D:2      | Reached XP level 4. HP: 37/41 MP: 3/3
  1024 | D:2      | Reached skill level 5 in Maces & Flails
  1098 | D:2      | Found a deep blue altar of Sif Muna.
  1374 | D:3      | Noticed darxusza's ghost (amateur MiCK)
  1394 | D:3      | Killed darxusza's ghost
  1394 | D:3      | Reached XP level 5. HP: 36/47 MP: 0/4
  1557 | D:3      | Found a shadowy altar of Dithmenos.
  1707 | D:3      | HP: 1/47 [orc wizard/magic dart (6)]
  1708 | D:3      | Killed from afar by an orc wizard

Vault maps used:
D:1:      mrwooster_arrival_statue, minmay_lizard_king
D:2:      fedhas_altar_2, lemuel_blue_sif_altar
D:3:      grunt_dithmenos_smoke

Skill      XL: |  1  2  3  4 |
---------------+-------------+-----
Fighting       | 4 |  4.8
Maces & Flails | 4 5 |  5.8
Armour         | 3 |  3.6
Dodging        | |  2.5

Action                   |  1- 3 |  4- 6 || total
-------------------------+-------+-------++-------
Melee: Mace              |    92 |    54 ||   146
       Headbutt          |    13 |     9 ||    22
Invok: Trog's Hand       |       |     2 ||     2
       Berserk           |       |     1 ||     1
  Eat: Chunk             |       |     4 ||     4
Armor: Plate armour      |    59 |    51 ||   110
Dodge: Dodged            |    36 |    15 ||    51

Table legend:
 A = Spawn XP
 B = Non-spawn XP
 C = Spawn XP percentage of total XP
 D = Spawn monster count
 E = Non-spawn monster count
 F = Spawn count percentage of total count
 G = Total turns spent on level
                    A         B        C        D         E        F      G
               +---------+---------+-------+---------+---------+-------+---------
         Total |       0 |     262 |   0.0 |       0 |      67 |   0.0 |  1708
               +---------+---------+-------+---------+---------+-------+---------
           D:1 |       0 |      60 |   0.0 |       0 |      37 |   0.0 |   880
           D:2 |       0 |      60 |   0.0 |       0 |      18 |   0.0 |   493
           D:3 |       0 |     142 |   0.0 |       0 |      12 |   0.0 |   335
               +---------+---------+-------+---------+---------+-------+---------
